 Dungeon Sprint DCSS version 0.23-a0-516-g0f8c245 (webtiles) character file.

438 JosiahThimblerig the Fighter (level 7, 16/70 HPs)
             Began as a Hill Orc Fighter on Dec 4, 2018.
             Was an Initiate of Vehumet.
             Quit the game in the Dungeon (Sprint I: "Red Sonja") on Dec 5, 2018.
             The game lasted 00:07:00 (615 turns).

JosiahThimblerig the Fighter (Hill Orc Fighter)      Turns: 615, Time: 00:07:00

Health: 16/70      AC:  8    Str: 19    XL:     7   Next: 1%
Magic:  7/7        EV:  9    Int:  9    God:    Vehumet [......]
Gold:   75         SH: 11    Dex: 11    Spells: 6/6 levels left

rFire    . . .     SeeInvis .   a - +0 war axe
rCold    . . .     Gourm    .   c - +0 shield
rNeg     . . .     Faith    .   b - +0 scale mail
rPois    .         Spirit   .   (no helmet)
rElec    .         Reflect  .   (no cloak)
rCorr    .         Harm     .   (no gloves)
MR       .....     NoTele   +   (no boots)
Stlth    ..........             (no amulet)
HPRegen  0.21/turn              (no ring)
MPRegen  0.10/turn              (no ring)

@: lethally poisoned (16 -> -14), hasted and slowed
A: no striking features
a: Renounce Religion


You were in the Dungeon.
You worshipped Vehumet.
Vehumet was noncommittal.
You were not hungry.

You visited 1 branch You collected 310 gold pieces.
You spent 235 gold pieces at shops.

Inventory:

Hand Weapons
 a - a +0 war axe (weapon)
 o - a +2 dagger of speed
 q - a cursed -1 scythe
Armour
 b - a +0 scale mail (worn)
 c - a +0 shield (worn)
 p - a +0 leather armour
 r - a +0 robe
Wands
 l - a wand of digging (7)
Scrolls
 e - a scroll of fear
 k - a scroll of blinking
 n - 2 scrolls of enchant weapon
 s - a scroll of remove curse
Potions
 d - a potion of might
 g - a potion of heal wounds
 i - 2 potions of magic
 j - 2 potions of berserk rage
 m - a potion of flight {unknown}
Comestibles
 f - a ration


   Skills:
 + Level 9.5 Fighting
 + Level 3.1 Short Blades
 + Level 7.9 Axes
 + Level 8.1 Armour
 + Level 1.3 Dodging
 + Level 9.1 Shields


You had 6 spell levels left.
You didn't know any spells.
Your spell library was empty.

Dungeon Overview and Level Annotations

Branches:
Dungeon (1/1)

Altars:
Cheibriados
Dithmenos
Elyvilon
Fedhas
Gozag
Hepliaklqana
Kikubaaqudgha
Nemelex Xobeh
Okawaru
Qazlal
Ru
Sif Muna
Trog
Uskayaw
Vehumet
Wu Jian
Yredelemnul
Zin
The Shining One

Shops:
D ?

Annotations:
D Sonja


Message History

Sonja shoots a curare-tipped needle.
The curare-tipped needle hits you.
You are lethally poisoned!
You have difficulty breathing.
You feel as though you will be slow longer.
There is an open door here.
You see here a curare-tipped needle.
You feel very sick.
You feel very sick.
Sonja casts a spell.
Sonja blinks!
* * * LOW HITPOINT WARNING * * *
You feel very sick.
You see here 27 gold pieces.
You open the door.
A deep troll comes into view.
* * * LOW HITPOINT WARNING * * *
You feel very sick.
The deep troll shouts!
Found 108 gold pieces.
Are you sure you want to abandon this character and quit the game? (Confirm

#..#####'#####'#
#..####..#...#.#
#..#__####..##.#
#..#_____##'#_.+
#⌠⌠#_.∩...'..._#
####_..__##_(#+#
#_____###(#
#########.####+###
+$.@'$T.$$+
#$.$####### ##.##
#+#


You could see a deep troll.

Vanquished Creatures
  Sigmund (D)
  A yak (D)
  An ogre (D)
  A jelly (D)
  Ijyb (D)
5 creatures vanquished.

Notes
Turn   | Place    | Note
-------+----------+-------------------------------------------
     0 | D        | JosiahThimblerig the Hill Orc Fighter began the quest for
                  | the Orb.
     0 | D        | Reached XP level 1. HP: 19/19 MP: 1/1
     1 | D        | Noticed Ijyb
    18 | D        | Killed Ijyb
    18 | D        | Reached skill level 5 in Fighting
    18 | D        | Reached XP level 2. HP: 28/29 MP: 2/2
    18 | D        | Reached XP level 3. HP: 34/36 MP: 3/3
    26 | D        | Noticed an ogre
    37 | D        | Killed an ogre
    37 | D        | Reached skill level 5 in Axes
    37 | D        | Reached skill level 5 in Armour
    37 | D        | Reached XP level 4. HP: 36/45 MP: 4/4
    49 | D        | Noticed Sigmund
    70 | D        | Killed Sigmund
    70 | D        | Reached skill level 1 in Dodging
    70 | D        | Reached XP level 5. HP: 18/56 MP: 5/5
    70 | D        | Reached XP level 6. HP: 20/62 MP: 6/6
   289 | D        | Found a deep blue altar of Sif Muna.
   290 | D        | Found an ornate altar of the Wu Jian Council.
   291 | D        | Found a radiant altar of Vehumet.
   321 | D        | Became a worshipper of Vehumet
   322 | D        | Found Weunla's Magic Scroll Emporium.
   322 | D        | Found an ancient bone altar of Kikubaaqudgha.
   322 | D        | Found a stormy altar of Qazlal.
   322 | D        | Found a blossoming altar of Fedhas.
   322 | D        | Found a bloodstained altar of Trog.
   322 | D        | Found an iron altar of Okawaru.
   322 | D        | Found a glowing golden altar of the Shining One.
   322 | D        | Found a glowing silver altar of Zin.
   322 | D        | Found a white marble altar of Elyvilon.
   322 | D        | Noticed a yak
   334 | D        | Killed a yak
   334 | D        | Reached XP level 7. HP: 14/70 MP: 7/7
   597 | D        | Found a hazy altar of Hepliaklqana.
   597 | D        | Found a hide-covered altar of Uskayaw.
   597 | D        | Found a basalt altar of Yredelemnul.
   597 | D        | Found an opulent altar of Gozag.
   597 | D        | Found a snail-covered altar of Cheibriados.
   597 | D        | Found a sacrificial altar of Ru.
   597 | D        | Found a shadowy altar of Dithmenos.
   598 | D        | Found a sparkling altar of Nemelex Xobeh.
   602 | D        | Upgraded the game from 0.23-a0-512-g50a8178 to
                  | 0.23-a0-516-g0f8c245
   602 | D        | Bought a scroll of fear for 38 gold pieces
   602 | D        | Bought a scroll of enchant weapon for 82 gold pieces
   602 | D        | Bought a scroll of enchant weapon for 82 gold pieces
   602 | D        | Bought a scroll of remove curse for 33 gold pieces
   608 | D        | Noticed Sonja
   614 | D        | Noticed a deep troll
   615 | D        | Quit the game

Vault maps used:
D:        dungeon_sprint_1

Skill      XL: |  1  2  3  4  5  6 |
---------------+-------------------+-----
Fighting       | 5 6 8 9 |  9.5
Axes           | 3 5 6 7 |  7.9
Armour         | 4 5 7 8 |  8.1
Shields        | 4 6 8 9 |  9.1
Short Blades   | 2 3 |  3.1
Dodging        | 1 |  1.3

Action                   |  1- 3 |  4- 6 |  7- 9 || total
-------------------------+-------+-------+-------++-------
Melee: War axe           |    16 |    14 |       ||    30
       Dagger            |    10 |    20 |       ||    30
  Use: Potion            |       |     1 |     1 ||     2
Armor: Scale mail        |     8 |     2 |       ||    10
Dodge: Dodged            |     5 |     5 |       ||    10
Block: Shield            |    13 |     5 |       ||    18

Table legend:
 A = Non-vault XP
 B = Vault XP
 C = Vault XP percentage of total XP
 D = Non-vault monster count
 E = Vault monster count
 F = Vault count percentage of total count
                 A         B        C        D         E       F
            +---------+---------+-------+---------+---------+-------
      Total |       0 |     626 | 100.0 |       0 |       5 | 100.0
            +---------+---------+-------+---------+---------+-------
          D |       0 |     626 | 100.0 |       0 |       5 | 100.0
            +---------+---------+-------+---------+---------+-------
